 Dungeon Crawl Stone Soup version 0.31-a0-986-g5e6e4ef867 (webtiles) character file.

Game seed: 5045328427873428256

157 Dittersdorf the Covered (level 5, -5/42 HPs)
             Began as a Human Fighter on Nov 7, 2023.
             Splashed by a jelly's acid (7 damage)
             ... on level 4 of the Dungeon.
             The game lasted 00:02:35 (2271 turns).

Dittersdorf the Covered (Human Fighter)             Turns: 2271, Time: 00:02:36

Health: -5/42      AC: -7    Str: 18    XL:     5   Next: 66%
Magic:  5/5        EV:  9    Int:  9    God:
Gold:   157        SH:  5    Dex: 12    Spells: 4/4 levels left

rFire   . . .        a - +0 long sword
rCold   . . .        c - +0 buckler
rNeg    . . .        b - +0 scale mail
rPois   .            e - +0 helmet
rElec   .            (no cloak)
rCorr   .            (no gloves)
SInv    .            (no boots)
Will    .....        (no amulet) Stlth
                     o - ring of flight
HPRegen 0.27/turn    (no ring)
MPRegen 0.09/turn

%: no passive effects
@: corroded, flying
A: no striking features
a: no special abilities


You were on level 4 of the Dungeon.
You visited 1 branch of the dungeon, and saw 4 of its levels.

You collected 157 gold pieces.

Inventory:

Hand Weapons
 a - a +0 long sword (weapon)
Missiles
 h - 7 poisoned darts (quivered)
 l - 4 curare-tipped darts
Armour
 b - a +0 scale mail (worn)
 c - a +0 buckler (worn)
 e - a +0 helmet (worn)
Jewellery
 o - a ring of flight (left hand)
Scrolls
 j - 2 scrolls of teleportation
 k - a scroll of noise {unknown}
 n - 2 scrolls of blinking {unknown}
 p - a scroll of fear {unknown}
Potions
 d - a potion of might
 f - a potion of ambrosia
 g - 2 potions of brilliance
 m - 2 potions of mutation
 q - a potion of invisibility


   Skills:
 + Level 3.9 Fighting
 + Level 3.1 Long Blades
 + Level 3.9 Armour
 + Level 3.9 Shields


You had 4 spell levels left.
You didn't know any spells.
Your spell library contained the following spells:

 Spells                   Type           Power      Damage    Failure   Level
 Kiss of Death            Conj/Necr      0%         2d5       83%         1
 Confusing Touch          Hex            0%         N/A       99%         3
 Dispel Undead            Necr           0%         3d6       100%        4


Dungeon Overview and Level Annotations

Branches:
Dungeon (4/15)
 Temple: D:4-7

Altars:


Message History

You hit the goblin.
You kill the goblin!
There is a stone staircase leading up, spattered with blood here.
Items here: ))) [ †.
You start resting.
HP restored.
Okay, then.
A jelly comes into view.
The jelly quivers.
Things that are here:
a +0 dagger; a +0 ring mail; an orc corpse
Things that are here:
a +0 dagger; a +0 robe The jelly completely misses you.
You hit the jelly. The acid corrodes you!
Your hands burn!
The jelly is lightly wounded.
The jelly hits you.
You are splashed with acid!
You barely miss the jelly.
The jelly is lightly wounded.
The jelly hits you. The acid corrodes you!
You are splashed with acid.
The jelly hits you. The acid corrodes you!
You are splashed with acid.
You hit the jelly but do no damage. The acid corrodes you!
Your hands burn!
The jelly is lightly wounded.
The jelly hits you.
You are splashed with acid!
* * * LOW HITPOINT WARNING * * *
You hit the jelly.
Your hands burn!
* * * LOW HITPOINT WARNING * * *
The jelly is lightly wounded.
The jelly barely misses you.
You slash the jelly!
Your hands burn!
* * * LOW HITPOINT WARNING * * *
The jelly is heavily wounded.
The jelly closely misses you.
You hit the jelly.
Your hands burn!
* * * LOW HITPOINT WARNING * * *
The jelly is severely wounded.
The jelly hits you.
* * * LOW HITPOINT WARNING * * *
The acid corrodes you!
You are splashed with acid!
You die...

## . # .#.# #
###...### #.
#<......#
#.####.#......
####....)@J..#
.......)#.##....#
#######<#.# #..
#.#.# #.#.. #.###
#.# #.# ...


You could see a jelly.

Vanquished Creatures
  2 orc wizards
  A gnoll (D:1)
  3 adders
  A worm (D:3)
  2 dart slugs (D:1)
  7 orcs
  3 ball pythons
  6 bats
  4 endoplasms
  3 giant cockroaches
  3 goblins
  6 hobgoblins
  4 kobolds
  3 quokkas
  4 frilled lizards
  8 rats
60 creatures vanquished.

Notes
Turn   | Place    | Note
-------+----------+-------------------------------------------
     0 | D:1      | Dittersdorf the Human Fighter began the quest for the Orb.
     0 | D:1      | Reached XP level 1. HP: 18/18 MP: 1/1
   126 | D:1      | Reached XP level 2. HP: 3/24 MP: 2/2
   507 | D:1      | Reached XP level 3. HP: 29/29 MP: 3/3
  1028 | D:2      | Reached XP level 4. HP: 33/35 MP: 4/4
  1839 | D:3      | Reached XP level 5. HP: 24/42 MP: 5/5
  2271 | D:4      | HP: 2/42 [jelly (2)]
  2271 | D:4      | Splashed by a jelly's acid

Illustrated notes

Levels and vault maps discovered:
D:1:      minmay_arrival_cross, layout_loops_ring
D:2:      layout_basic, nicolae_twisty_statue_hallways
D:3:      layout_basic
D:4:      layout_loops_ring, minmay_temple_entry_mini_moons, serial_shops,
          nicolae_shop_crystal, minmay_starry_boxes, uniq_sigmund

Skill      XL: |  1  2  3  4  5 |
---------------+----------------+-----
Long Blades    | 3 |  3.1
Fighting       | |  3.9
Armour         | |  3.9
Shields        | |  3.9

Action                     |  1- 3 |  4- 6 || total
---------------------------+-------+-------++-------
  Melee: Long sword        |   131 |   125 ||   256
    Use: Scroll            |       |     5 ||     5
 Armour: Scale mail        |   121 |    80 ||   201
  Dodge: Dodged            |    50 |    54 ||   104
  Block: Buckler           |    27 |    30 ||    57

Table legend: (Time is in decaauts)
 A = Elapsed time spent in this place.
 B = Non-inter-level travel time spent in this place.
 C = Inter-level travel time spent in this place.
 D = Time resting spent in this place.
 E = Time spent auto-exploring this place.
 F = Levels seen in this place.
 G = Mean time per level.
                   A        B        C        D        E       F      G
               +--------+--------+--------+--------+--------+-----+--------+
         Total |   2349 |   2281 |     68 |     61 |   1669 |   4 |  587.2 |
       Dungeon |   2349 |   2281 |     68 |     61 |   1669 |   4 |  587.2 |
               +--------+--------+--------+--------+--------+-----+--------+

Top non-repeatable levels by time:
     D:1: 905 daAuts
     D:2: 831 daAuts
     D:3: 553 daAuts
     D:4: 59 daAuts
